 Dungeon Crawl Stone Soup version 0.31-a0-259-g771a54ca4b (webtiles) character file.

Game seed: 268443343556357505

93 qw the Shooter (level 4, -2/26 HPs)
             Began as a Gargoyle Hexslinger on July 13, 2023.
             Killed by divine providence
             ... invoked by an orc priest
              (17 damage)
             ... on level 3 of the Dungeon.
             The game lasted 00:00:37 (1242 turns).

qw the Shooter (Gargoyle Hexslinger)                Turns: 1242, Time: 00:00:38

Health: -2/26      AC:  8    Str: 11    XL:     4   Next: 61%
Magic:  5/5        EV: 10    Int: 14    God:
Gold:   118        SH:  0    Dex: 14    Spells: 4/5 levels left

rFire   . . .        Y - +1 sling
rCold   . . .        (no shield)
rNeg    + . .        g - +0 ring mail
rPois   inf          (no helmet)
rElec   +            (no cloak)
rCorr   .            (no gloves)
SInv    .            (no boots)
Will    .....        (no amulet)
Stlth   +            (no ring)
HPRegen 0.24/turn    (no ring)
MPRegen 0.09/turn

%: no passive effects
@: no status effects
A: sickness immunity, AC +3, negative energy resistance 1, electricity
resistance, torment resistance 1, petrification resistance
a: no special abilities


You were on level 3 of the Dungeon.
You visited 1 branch of the dungeon, and saw 3 of its levels.

You collected 118 gold pieces.


Innate Abilities, Weirdness & Mutations

You are immune to sickness and miasma.
Your stone body is resilient. (AC +3)
You are immune to poison.
You resist negative energy. (rN+)
You are resistant to electric shocks. (rElec)
You are resistant to unholy torment.
You are immune to petrification.


   Skills:
 - Level 2.0 Fighting
 + Level 4.1 Ranged Weapons
 - Level 1.1 Armour
 - Level 1.5 Dodging
 - Level 1.0 Spellcasting
 - Level 2.6 Hexes


You had 4 spell levels left.
You knew the following spells:

 Your Spells              Type           Power      Damage    Failure   Level
a - Slow                  Hex            32%        N/A       21%         1

Your spell library contained the following spells:

 Spells                   Type           Power      Damage    Failure   Level
 Inner Flame              Hex/Fire       4%         N/A       71%         3
 Portal Projectile        Hex/Tloc       8%         N/A       71%         3
 Cause Fear               Hex            4%         N/A       90%         4

Inventory:

Hand Weapons
 Y - a +1 sling (weapon)
Armour
 g - a +0 ring mail (worn)
Jewellery
 f - a ring of ice
Scrolls
 a - 2 scrolls of identify
 b - a scroll of teleportation {unknown}
Potions
 i - a potion of heal wounds {unknown}
 j - a potion of mutation {unknown}
 k - a potion of haste

Dungeon Overview and Level Annotations

Branches:
Dungeon (3/15)

Altars:


Message History

a - 2 scrolls of identify (gained 1)
A rat comes into view.
The rat moves out of view.
You shoot a sling bullet. The sling bullet hits the rat.
You kill the rat!
A hobgoblin comes into view.
The hobgoblin shouts!
An orc comes into view. It is wielding a +0 club.
An orc priest comes into view. It is wielding a +0 flail.
You shoot a sling bullet.
The sling bullet barely misses the hobgoblin.
The orc priest shouts!
The orc shouts!
You shoot a sling bullet. The sling bullet hits the hobgoblin.
You kill the hobgoblin!
An orc comes into view. It is wielding a +0 flail.
An orc priest comes into view. It is wielding a +0 mace.
You shoot a sling bullet. The orc shouts!
The orc priest shouts!
The sling bullet hits the orc priest.
The orc priest is lightly wounded.
1236 ||| Stepping ~*~*~tactically~*~*~ (outnumbered).
There are monsters nearby!
You shoot a sling bullet. The sling bullet barely misses the orc.
You shoot a sling bullet.
The orc blocks the sling bullet with an invisible shield... and reflects it back!
The sling bullet hits you.
You shoot a sling bullet.
The sling bullet hits the orc but does no damage.
The orc hits you with a +0 club.
You shoot a sling bullet. The sling bullet hits the orc.
The orc is heavily wounded.
The orc hits you but does no damage.
You shoot a sling bullet.
The orc blocks the sling bullet with an invisible shield... and reflects it back!
The sling bullet hits you. The orc closely misses you.
The orc priest invokes the aid of Beogh against you.
Beogh smites you!
Ouch! That really hurt!
You die...

#.##......####.#
#..+.........#.#
.
#..#......##.#.#
.. #..#..>...#
#^# ...
#..#......# .#
... #..#......##
.. #..#.........
#.##.........###
#..@o.o........
#..#o##.########
#.....o...
......##.....
....#..........
##.###........o.
.. ...........
#. ##...


You could see 2 orc priests and 2 orcs.

Vanquished Creatures
  5 adders
  2 worms (D:2)
  2 dart slugs
  4 bats
  An endoplasm (D:2)
  3 giant cockroaches
  7 goblins
  A hobgoblin (D:3)
  4 kobolds
  2 quokkas (D:2)
  2 ball pythons
  3 frilled lizards
  5 rats
41 creatures vanquished.

Notes
Turn   | Place    | Note
-------+----------+-------------------------------------------
     0 | D:1      | qw the Gargoyle Hexslinger began the quest for the Orb.
     0 | D:1      | Reached XP level 1. HP: 12/12 MP: 2/2
     0 | D:1      | 0 ||| qw: Version: 0.3-a-52-g30416fa
     0 | D:1      | 0 ||| qw: Game counter: 6866
     0 | D:1      | 0 ||| qw: Melee chars always use a shield: true
     0 | D:1      | 0 ||| qw: God list: Okawaru
     0 | D:1      | 0 ||| qw: Allow faded altars: false
     0 | D:1      | 0 ||| qw: Do Orc after clearing Dungeon:15 true
     0 | D:1      | 0 ||| qw: Do second Lair branch before Depths: true
     0 | D:1      | 0 ||| qw: Lair rune preference: random
     0 | D:1      | 0 ||| qw: Goals: Normal
     0 | D:1      | 0 ||| PLANNING D:1-11
   113 | D:1      | Reached XP level 2. HP: 16/16 MP: 3/3
   391 | D:1      | 391 ||| UPGRADING to +0 ring mail.
   401 | D:1      | 401 ||| DROPPING +0 robe.
   402 | D:1      | 402 ||| READING scroll labelled MENOD SAHI.
   403 | D:1      | 403 ||| READING scroll labelled TOIGIRHY MUDOA.
   404 | D:1      | 404 ||| READING scroll labelled UBINYT DED QEL.
   405 | D:1      | 405 ||| READING scroll labelled UNTOR WENANAD.
   406 | D:1      | 406 ||| DRINKING 2 blue potions.
   407 | D:1      | 407 ||| DROPPING scroll of poison.
   453 | D:2      | Reached skill level 3 in Ranged Weapons
   454 | D:2      | 454 ||| STAIRDANCE
   476 | D:2      | Reached XP level 3. HP: 20/20 MP: 4/4
   837 | D:2      | 837 ||| READING scroll labelled VYSOMY LIZUMUE.
   838 | D:2      | 838 ||| DRINKING 2 golden potions.
   839 | D:2      | 839 ||| DROPPING potion of attraction.
   843 | D:2      | 843 ||| STAIRDANCE
   922 | D:2      | Reached XP level 4. HP: 25/26 MP: 5/5
   936 | D:2      | Reached skill level 4 in Ranged Weapons
  1182 | D:3      | Reached skill level 1 in Armour
  1236 | D:3      | 1236 ||| Stepping ~*~*~tactically~*~*~ (outnumbered).
  1242 | D:3      | Killed from afar by an orc priest

Levels and vault maps discovered:
D:1:      spicycebolla_arrival_ecumenical, layout_rooms
D:2:      layout_loops_ring
D:3:      layout_basic, grunt_decor_junction, chequers_serial_rivers_micro_d

Skill      XL: |  1  2  3  4 |
---------------+-------------+-----
Ranged Weapons | 3 4 |  4.1
Fighting       | 2 |  2.0
Armour         | 1 |  1.1
Dodging        | |  1.5
Spellcasting   | |  1.0
Hexes          | |  2.6

Action                     |  1- 3 |  4- 6 || total
---------------------------+-------+-------++-------
   Fire: Sling             |   115 |    45 ||   160
    Use: Scroll            |     5 |       ||     5
         Potion            |     2 |       ||     2
 Armour: Robe              |     2 |       ||     2
         Ring mail         |    19 |    10 ||    29
  Dodge: Dodged            |    35 |    12 ||    47

Table legend:
 A = Non-vault XP
 B = Vault XP
 C = Vault XP percentage of total XP
 D = Non-vault monster count
 E = Vault monster count
 F = Vault count percentage of total count
                 A         B        C        D         E       F
            +---------+---------+-------+---------+---------+-------
      Total |     133 |       0 |   0.0 |      41 |       0 |   0.0
            +---------+---------+-------+---------+---------+-------
        D:1 |      18 |       0 |   0.0 |      10 |       0 |   0.0
        D:2 |      86 |       0 |   0.0 |      27 |       0 |   0.0
        D:3 |      29 |       0 |   0.0 |       4 |       0 |   0.0
            +---------+---------+-------+---------+---------+-------
